 Dungeon Crawl Stone Soup version 0.25-a0-513-ge77a69270c (webtiles) character file.

Game seed: 4437110828539774187, levelgen mode: deterministic

186 Error4North the Covered (level 5, -7/47 HPs)
             Began as a Hill Orc Fighter on Feb 17, 2020.
             Was an Initiate of Okawaru.
             Killed by nerve-wracking pain
             ... invoked by Grinder
              (12 damage)
             ... while paralysed by Grinder
             ... on level 3 of the Dungeon.
             The game lasted 00:09:59 (2254 turns).

Error4North the Covered (Hill Orc Fighter)          Turns: 2254, Time: 00:09:59

Health: -7/47      AC: 15    Str: 20    XL:     5   Next: 66%
Magic:  5/5        EV:  2    Int:  8    God:    Okawaru [......]
Gold:   68         SH:  0    Dex: 10    Spells: 4/4 levels left

rFire    . . .     SeeInvis .   a - +0 war axe
rCold    + . .     Gourm    .   c - +0 kite shield
rNeg     . . .     Faith    .   i - +2 plate armour {rC+}
rPois    .         Spirit   .   (no helmet)
rElec    .         Reflect  .   j - +0 cloak
rCorr    .         Harm     .   (no gloves)
MR       .....                  (no boots)
Stlth    ..........             (no amulet)
HPRegen  0.15/turn              (no ring)
MPRegen  0.09/turn              (no ring)

@: paralysed, hasted
A: no striking features
a: Renounce Religion


You were on level 3 of the Dungeon.
You worshipped Okawaru.
Okawaru was noncommittal.
You were not hungry.

You visited 1 branch of the dungeon, and saw 3 of its levels.

You collected 68 gold pieces.

Inventory:

Hand Weapons
 a - a +0 war axe (weapon)
Armour
 c - a +0 kite shield (worn)
 i - a +2 plate armour of cold resistance (worn)
 j - a +0 cloak (worn)
Scrolls
 e - 2 scrolls of remove curse {unknown}
 m - 2 scrolls of identify {unknown}
 n - a scroll of random uselessness {unknown}
 q - a scroll of fear {unknown}
 s - 4 scrolls of immolation {unknown}
Potions
 b - a potion of haste
 d - 3 potions of might
 g - 3 potions of agility
 h - 3 potions of curing {unknown}
 k - a potion of mutation {unknown}
 l - a potion of heal wounds {unknown}
 o - 2 potions of lignification {unknown}
 p - 2 potions of flight {unknown}
 t - a potion of magic {unknown}
Comestibles
 f - 2 rations


   Skills:
 * Level 4.6 Fighting
 + Level 4.5 Axes
 * Level 4.7 Armour
 * Level 4.1 Shields


You had 4 spell levels left.
You didn't know any spells.
Your spell library was empty.

Dungeon Overview and Level Annotations

Branches:
Dungeon (3/15)

Altars:
Okawaru
Sif Muna
Vehumet

Annotations:
D:3 Grinder


Message History

You can move again.
Found an inky potion.
Grinder blinks!
It was a potion of haste.
You feel yourself speed up. Grinder gestures at you.
Pain shoots through your body!
* * * LOW HITPOINT WARNING * * *
You block Grinder's attack.
You hit Grinder but do no damage.
Grinder is almost dead.
You block Grinder's attack.
You closely miss Grinder.
Grinder is almost dead.
Grinder blinks!
Grinder gestures at you.
You suddenly lose the ability to move!
Grinder is no longer unusually agile.
Grinder gestures at you. Pain shoots through your body!
You die...

#.#.# #.# #....<.# #.#.#
#.# #####......#
#.#.#######.# #..##..#
#...........# #..# .#
###.#################..#
#)######.............#
#..........# ##..
#.######.#.###########
#.. ...#....@!5..... ###
#################


You could see Grinder.

Vanquished Creatures
  An orc wizard (D:3)
  Natasha (thrice) (D:3)
  2 adders (D:2)
  3 oozes
  A worm (D:3)
  A dart slug (D:1)
  A leopard gecko (D:3)
  2 giant cockroaches
  6 goblins
  7 hobgoblins
  5 kobolds
  4 quokkas
  A ball python (D:2)
  5 bats
  4 frilled lizards
  4 rats
50 creatures vanquished.

Notes
Turn   | Place    | Note
-------+----------+-------------------------------------------
     0 | D:1      | Error4North the Hill Orc Fighter began the quest for the
                  | Orb.
     0 | D:1      | Reached XP level 1. HP: 19/19 MP: 1/1
   138 | D:1      | Reached XP level 2. HP: 26/27 MP: 2/2
   534 | D:2      | Reached XP level 3. HP: 33/33 MP: 3/3
   703 | D:2      | Found a radiant altar of Vehumet.
  1011 | D:2      | Reached XP level 4. HP: 25/40 MP: 4/4
  1541 | D:3      | Found a shimmering blue altar of Sif Muna.
  1837 | D:3      | Noticed Natasha
  1841 | D:3      | Killed Natasha
  1841 | D:3      | Reached XP level 5. HP: 33/47 MP: 5/5
  1942 | D:3      | Found an iron altar of Okawaru.
  1951 | D:3      | Became a worshipper of Warmaster Okawaru
  2138 | D:3      | Noticed Natasha
  2147 | D:3      | Killed Natasha
  2168 | D:3      | Noticed Natasha
  2181 | D:3      | Killed Natasha
  2199 | D:3      | Noticed Grinder
  2201 | D:3      | Paralysed by Grinder for 2 turns
  2212 | D:3      | Paralysed by Grinder for 7 turns
  2236 | D:3      | Paralysed by Grinder for 7 turns
  2250 | D:3      | Paralysed by Grinder for 6 turns
  2254 | D:3      | Killed from afar by Grinder

Levels and vault maps discovered:
D:1:      psy_arrival_radial01, layout_rooms
D:2:      layout_basic, nicolae_overflow_crystal_walls, first_ration,
          minmay_misc_feat_five
D:3:      layout_loops_ring, okawaru_ov_weapons_minmay, led_sif_book,
          minmay_box_of_dots, uniq_grinder, uniq_natasha

Skill      XL: |  1  2  3  4  5 |
---------------+----------------+-----
Fighting       | 4 |  4.6
Axes           | 3 4 |  4.5
Armour         | 4 |  4.7
Shields        | 4 |  4.1

Action                   |  1- 3 |  4- 6 || total
-------------------------+-------+-------++-------
Melee: War axe           |    91 |   110 ||   201
  Use: Potion            |       |     1 ||     1
  Eat: Chunk             |       |     2 ||     2
       Ration            |       |     1 ||     1
Armor: Scale mail        |    10 |       ||    10
       Plate armour      |    55 |    64 ||   119
Dodge: Dodged            |    19 |    12 ||    31
Block: Kite shield       |    49 |    57 ||   106

Table legend:
 A = Non-vault XP
 B = Vault XP
 C = Vault XP percentage of total XP
 D = Non-vault monster count
 E = Vault monster count
 F = Vault count percentage of total count
                 A         B        C        D         E       F
            +---------+---------+-------+---------+---------+-------
      Total |     190 |      77 |  28.8 |      48 |       2 |   4.0
            +---------+---------+-------+---------+---------+-------
        D:1 |      24 |       0 |   0.0 |      15 |       0 |   0.0
        D:2 |      64 |       0 |   0.0 |      19 |       0 |   0.0
        D:3 |     102 |      77 |  43.0 |      14 |       2 |  12.5
            +---------+---------+-------+---------+---------+-------
